 Dungeon Crawl Stone Soup version 0.28-a0-589-g333b8329f1 (webtiles) character file.

Game seed: 16903472291073534990

137 Klosterheim the Digger (level 5, -4/38 HPs)
             Began as a Formicid Earth Elementalist on Oct 3, 2021.
             Slain by a scorpion (6 damage)
             ... on level 3 of the Dungeon.
             The game lasted 00:04:42 (3617 turns).

Klosterheim the Digger (FoEE)                       Turns: 3617, Time: 00:04:43

Health: -4/38      AC:  2    Str: 12    XL:     5   Next: 44%
Magic:  2/9        EV: 12    Int: 16    God:
Gold:   93         SH:  0    Dex: 11    Spells: 2/10 levels left

rFire   . . .      SeeInvis +     - Unarmed
rCold   . . .      Faith    .   (no shield)
rNeg    . . .      Spirit   .   b - +0 robe
rPois   .          Reflect  .   (helmet unavailable)
rElec   .          Harm     .   (no cloak)
rCorr   .          Rampage  .   (no gloves)
Will    .....                   (no boots)
Stlth   ++........              (no amulet)
HPRegen 0.12/turn               (no ring)
MPRegen 0.11/turn               (no ring)

@: lethally poisoned (-4 -> -13), very slightly contaminated
A: permanent stasis, dig shafts and tunnels, antennae 3, four strong arms, wild
magic 1
a: Dig, Shaft Self


You were on level 3 of the Dungeon.
You visited 1 branch of the dungeon, and saw 3 of its levels.

You collected 93 gold pieces.

Inventory:

Missiles
 c - 101 stones
Armour
 b - a +0 robe (worn)
Jewellery
 k - a ring of ice
Scrolls
 a - a scroll of vulnerability {unknown}
 d - 2 scrolls of enchant armour {unknown}
 e - 2 scrolls of fear {unknown}
 f - 3 scrolls of identify {unknown}
 g - a scroll of brand weapon {unknown}
 h - 3 scrolls of teleportation {unknown}
Potions
 j - a potion of heal wounds {unknown}


   Skills:
 - Level 2.0 Fighting
 - Level 2.0 Dodging
 - Level 3.0 Stealth
 - Level 2.3 Unarmed Combat
 - Level 3.0 Spellcasting
 + Level 0.7 Conjurations
 + Level 1.7 Transmutations
 - Level 4.0 Earth Magic


You had 2 spell levels left.
You knew the following spells:

 Your Spells              Type           Power      Damage    Failure   Level
a - Sandblast             Erth           38%        2d10      6%          1
b - Stone Arrow           Conj/Erth      26%        3d8       30%         3
c - Petrify               Tmut/Erth      15%        N/A       58%         4

Your spell library contained the following spells:

 Spells                   Type           Power      Damage    Failure   Level
 Passwall                 Tmut/Erth      12%        N/A       13%         2


Dungeon Overview and Level Annotations

Branches:
Dungeon (3/15)

Altars:


Innate Abilities, Weirdness & Mutations

You cannot be hasted, slowed, berserked, paralysed or teleported.
You can dig through walls and to a lower floor.
You have a pair of large antennae on your head. (SInv)
Your four strong arms can wield two-handed weapons with a shield.
Your spells are a little harder to cast, but a little more powerful.


Message History

Confirm with . or Enter, or press ? or * to list all spells.
Aiming: Sandblast (safe; 3% risk of failure)
Press: ? - help, Shift-Dir - straight line, f/p - scorpion
Aim: a scorpion (severely wounded, 79% to hit)
The blast of sand hits the scorpion.
The scorpion is almost dead.
You feel sick. The scorpion barely misses you.
Unknown command.
Casting: Sandblast (safe; 3% risk of failure)
Confirm with . or Enter, or press ? or * to list all spells.
Aiming: Sandblast (safe; 3% risk of failure)
Press: ? - help, Shift-Dir - straight line, f/p - scorpion
Aim: a scorpion (almost dead, 79% to hit)
The blast of sand misses the scorpion.
You feel sick. The scorpion closely misses you.
Casting: Sandblast (safe; 3% risk of failure)
Confirm with . or Enter, or press ? or * to list all spells.
Aiming: Sandblast (safe; 3% risk of failure)
Press: ? - help, Shift-Dir - straight line, f/p - scorpion
Aim: a scorpion (almost dead, 79% to hit)
You miscast Sandblast.
You are very lightly contaminated with residual magic.
Nothing appears to happen.
You feel sick. The scorpion stings you!
* * * LOW HITPOINT WARNING * * *
Casting: Sandblast (safe; 3% risk of failure)
Confirm with . or Enter, or press ? or * to list all spells.
Aiming: Sandblast (safe; 3% risk of failure)
Press: ? - help, Shift-Dir - straight line, f/p - scorpion
Aim: a scorpion (almost dead, 79% to hit)
The blast of sand hits the scorpion but does no damage.
The scorpion is almost dead.
You feel sick. The scorpion stings you.
* * * LOW HITPOINT WARNING * * *
You are lethally poisoned!
The scorpion poisons you!
It was a potion of mutation.
You feel extremely strange.
You feel less in control of your magic.
* * * LOW HITPOINT WARNING * * *
You feel sick. The scorpion stings you.
You die...

#.# #.# ###.#####
#.......# ##
#.#.###.# .##
#)....#.# ..##
##.###.#.# ...##
##..# #.#s#
....####...###.#@#
....'............#
....####.........#
...## ##.###.##.#
..## #.# #.##.#
.## ... ..##.# ##
#.#### #.# # #.#
#.# # .. .#


You could see a scorpion.

Vanquished Creatures
  4 gnolls (D:2)
  3 adders (D:3)
  4 dart slugs
  5 endoplasms
  3 giant cockroaches
  8 goblins
  3 hobgoblins
  8 jackals
  2 kobolds
  A quokka (D:1)
  5 ball pythons
  7 bats
  2 frilled lizards (D:2)
  7 rats
62 creatures vanquished.

Notes
Turn   | Place    | Note
-------+----------+-------------------------------------------
     0 | D:1      | Klosterheim the Formicid Earth Elementalist began the quest
                  | for the Orb.
     0 | D:1      | Reached XP level 1. HP: 13/13 MP: 3/3
   578 | D:1      | Found a faded altar of an unknown god.
   588 | D:1      | Reached XP level 2. HP: 19/19 MP: 3/5
   759 | D:1      | Reached skill level 4 in Earth Magic
  1058 | D:1      | Reached XP level 3. HP: 24/24 MP: 5/7
  1534 | D:2      | Reached skill level 1 in Unarmed Combat
  1534 | D:2      | Reached XP level 4. HP: 31/31 MP: 2/8
  1604 | D:2      | Reached skill level 1 in Fighting
  2803 | D:2      | Reached XP level 5. HP: 36/38 MP: 6/9
  2905 | D:2      | Learned a level 3 spell: Stone Arrow
  2910 | D:2      | Learned a level 4 spell: Petrify
  3617 | D:3      | Gained mutation: Your spells are a little harder to cast,
                  | but a little more powerful. [potion of mutation]
  3617 | D:3      | Slain by a scorpion

Illustrated notes

Levels and vault maps discovered:
D:1:      enne_arrival_octagon_isle, layout_loops_corners,
          shapermc_ecumenical_altar_notcrosses, chequers_serial_rivers_micro_a,
          glass_columns_a
D:2:      layout_basic
D:3:      layout_loops_corners, feat_on_display

Skill      XL: |  1  2  3  4  5 |
---------------+----------------+-----
Earth Magic    | 4 |  4.0
Stealth        | 3 |  3.0
Spellcasting   | 3 |  3.0
Dodging        | 2 |  2.0
Unarmed Combat | 1 2 |  2.3
Fighting       | 1 2 |  2.0
Conjurations   | |  0.7
Transmutations | |  1.7

Action                   |  1- 3 |  4- 6 || total
-------------------------+-------+-------++-------
Melee: Unarmed           |    26 |    24 ||    50
       Punch             |       |     1 ||     1
 Cast: Sandblast         |    40 |    50 ||    90
  Use: Potion            |       |     1 ||     1
 Stab: Sleeping          |     1 |     1 ||     2
Armor: Robe              |     7 |     5 ||    12
Dodge: Dodged            |    30 |    33 ||    63

Table legend: (Time is in decaauts)
 A = Elapsed time spent in this place.
 B = Non-inter-level travel time spent in this place.
 C = Inter-level travel time spent in this place.
 D = Time resting spent in this place.
 E = Time spent auto-exploring this place.
 F = Levels seen in this place.
 G = Mean time per level.
                   A        B        C        D        E       F      G
               +--------+--------+--------+--------+--------+-----+--------+
         Total |   3617 |   3400 |    217 |    771 |   2241 |   3 | 1205.7 |
       Dungeon |   3617 |   3400 |    217 |    771 |   2241 |   3 | 1205.7 |
               +--------+--------+--------+--------+--------+-----+--------+

Top non-repeatable levels by time:
     D:1: 1582 daAuts
     D:2: 1432 daAuts
     D:3: 603 daAuts
